 Dungeon Crawl Stone Soup version 0.31-a0-1469-gd420192249 (webtiles) character file.

Game seed: 4520400610405502788

604 grandjackal the Trooper (level 7, 0/55 HPs)
             Began as a Demonspawn Gladiator on Dec 28, 2023.
             Slain by an orc wizard
             ... wielding a +0 dagger
              (2 damage)
             ... on level 5 of the Dungeon.
             The game lasted 00:03:42 (3458 turns).

grandjackal the Trooper (Demonspawn Gladiator)      Turns: 3458, Time: 00:03:43

Health: 0/55       AC: 13    Str: 17    XL:     7   Next: 18%
Magic:  0/7        EV:  8    Int:  8    God:
Gold:   234        SH:  0    Dex: 14    Spells: 6/6 levels left

rFire   . . .        a - +0 war axe
rCold   . . .        (no shield)
rNeg    . . .        n - +0 chain mail
rPois   .            (helmet restricted)
rElec   .            g - +2 cloak
rCorr   .            q - +0 pair of gloves
SInv    .            (boots unavailable)
Will    .....        w - amulet of guardian spirit Stlth
                     (no ring)
HPRegen 0.29/turn    (no ring)
MPRegen 0.10/turn

%: guardian spirit
@: no status effects
A: antennae 1, hooves 3, ignite blood 1
a: no special abilities


You were on level 5 of the Dungeon.
You visited 1 branch of the dungeon, and saw 5 of its levels.

You collected 234 gold pieces.

Inventory:

Hand Weapons
 a - a +0 war axe (weapon)
Missiles
 d - a throwing net (quivered)
 e - a javelin
Armour
 g - a +2 cloak (worn)
 n - a +0 chain mail (worn)
 q - a +0 pair of gloves (worn)
Jewellery
 k - a ring of fire
 l - an amulet of magic regeneration
 r - a ring of fire
 w - an amulet of guardian spirit (around neck)
Scrolls
 h - a scroll of enchant armour {unknown}
 i - a scroll of teleportation {unknown}
 j - 2 scrolls of immolation {unknown}
 o - a scroll of enchant weapon {unknown}
 s - a scroll of amnesia {unknown}
 t - a scroll of identify {unknown}
 x - a scroll of vulnerability {unknown}
 y - a scroll of fear {unknown}
Potions
 f - a potion of enlightenment
 m - a potion of magic {unknown}
 p - a potion of curing
 u - 2 potions of heal wounds {unknown}
 v - 2 potions of lignification {unknown}
 z - a potion of might {unknown}


   Skills:
 + Level 4.8 Fighting
 + Level 4.8 Axes
 - Level 2.0 Throwing
 + Level 3.5 Armour
 - Level 3.0 Dodging


You had 6 spell levels left.
You didn't know any spells.
Your spell library contained the following spells:

 Spells                   Type           Power      Damage    Failure   Level
 Freeze                   Ice            0%         1d3       99%         1
 Frozen Ramparts          Ice            0%         1d1       100%        3
 Hailstorm                Conj/Ice       0%         3d5       100%        3
 Summon Ice Beast         Ice/Summ       0%         N/A       100%        3
 Sculpt Simulacrum        Ice/Alch       0%         N/A       100%        6


Dungeon Overview and Level Annotations

Branches:
Dungeon (5/15)             Temple (0/1) D:5

Altars:
Makhleb
Uskayaw
Wu Jian
Yredelemnul

Shops:
D:1 =   D:4 *   D:5 *


Innate Abilities, Weirdness & Mutations

You have a pair of small antennae on your head.
You have hooves in place of feet.
Your demonic aura sometimes causes spilled blood to erupt in flames.


Message History

Throw: 3 throwing nets
Press: ? - help, Q - select action, (/) - cycle Shift-Dir - straight line, f - orc warrior
Aim: an orc warrior, wielding a +0 battleaxe and wearing a +0 plate armour (59% to hit)
You throw a throwing net.
The throwing net closely misses the orc warrior.
The orc warrior hits you with a +0 battleaxe.
* * * LOW HITPOINT WARNING * * *
Something hits you but does no damage. x2; Something hits you.
* * * LOW HITPOINT WARNING * * *
The orc hits you but does no damage.
Unknown command.
Throw: 2 throwing nets
Press: ? - help, Q - select action, (/) - cycle Shift-Dir - straight line, f/p - orc warrior
Aim: an orc warrior, wielding a +0 battleaxe and wearing a +0 plate armour (59% to hit)
You throw a throwing net. The throwing net hits the orc warrior.
The orc warrior is caught in the net!
The orc warrior struggles against the net.
Something hits you but does no damage. x2
You hear some strange, mumbled words.
A puff of flame appears from out of thin air!
The puff of flame hits you!
* * * LOW HITPOINT WARNING * * *
The orc closely misses you.
It was a potion of enlightenment.
You feel very buoyant.
You fly up into the air.
Something hits you but does no damage.
You hear some strange, mumbled words.
A puff of flame appears from out of thin air!
The puff of flame hits you.
* * * LOW HITPOINT WARNING * * *
The orc warrior struggles against the net.
Something hits you but does no damage. The orc hits you but does no damage.
It was a potion of cancellation.
Your magical effects are unravelling.
You feel magically purged.
You float gracefully downwards.
Your enlightenment fades.
Something hits you but does no damage.
The orc warrior struggles against the net.
Something hits you.
You die...

...... ... ...... #(. ..
.....# ......# #.# .. ....
....... #.# . .... .......
#.# .# ... . .......
#.####.## #.. ..
.......##........ #.##..
........{o...########.....
........o@.).).........#
..>.....{{##)..######.##
.........#####....###.#
.......#.# ####..##.####
.......#.. ##........
......#### ####.####
.....# .### #.#### ####
.....##.#..> #........


You could see an orc warrior (caught) and an orc.

Vanquished Creatures
  An ogre (D:5)
  A phantom (D:4)
  A bombardier beetle (D:4)
  3 orc priests
  A hound (D:5)
  5 orc wizards
  Robin (D:1)
  3 gnolls (D:4)
  5 adders
  A worm (D:2)
  A dart slug (D:1)
  8 orcs
  7 ball pythons
  6 endoplasms
  4 giant cockroaches (D:1)
  13 goblins
  8 hobgoblins
  2 jackals (D:4)
  2 kobolds (D:2)
  4 bats (D:1)
  5 frilled lizards
  6 rats
88 creatures vanquished.

Notes
Turn   | Place    | Note
-------+----------+-------------------------------------------
     0 | D:1      | grandjackal the Demonspawn Gladiator began the quest for
                  | the Orb.
     0 | D:1      | Reached XP level 1. HP: 16/16 MP: 1/1
   218 | D:1      | Discovered your monstrous ancestry.
   218 | D:1      | Gained mutation: You have large cloven feet. [demonic
                  | ancestry]
   218 | D:1      | Reached XP level 2. HP: 21/22 MP: 2/2
   239 | D:1      | Found Maxkud's Jewellery Shop.
  1083 | D:2      | Reached XP level 3. HP: 24/28 MP: 3/3
  1100 | D:2      | Noticed Robin
  1175 | D:1      | Killed Robin
  1227 | D:2      | Reached skill level 1 in Armour
  1257 | D:2      | Gained mutation: You have hoof-like feet. [demonic
                  | ancestry]
  1257 | D:2      | Reached XP level 4. HP: 30/35 MP: 4/4
  1943 | D:3      | Gained mutation: You have hooves in place of feet. [demonic
                  | ancestry]
  1943 | D:3      | Reached XP level 5. HP: 30/41 MP: 5/5
  2179 | D:3      | Found a burning altar of Makhleb.
  2640 | D:4      | Gained mutation: You have a pair of small antennae on your
                  | head. [demonic ancestry]
  2640 | D:4      | Reached XP level 6. HP: 39/48 MP: 6/6
  2698 | D:4      | Found an ornate altar of the Wu Jian Council.
  2698 | D:4      | Found a hide-covered altar of Uskayaw.
  2845 | D:4      | Found a basalt altar of Yredelemnul.
  3058 | D:4      | Found Joilicum's Assorted Antiques.
  3158 | D:5      | Entered Level 5 of the Dungeon
  3185 | D:5      | Found a staircase to the Ecumenical Temple.
  3373 | D:5      | Found Weutet's General Store.
  3423 | D:5      | Gained mutation: Your demonic aura sometimes causes spilled
                  | blood to erupt in flames. [demonic ancestry]
  3423 | D:5      | Reached XP level 7. HP: 55/55 MP: 7/7
  3456 | D:5      | HP: 2/55 [something/puff of flame (7)]
  3458 | D:5      | Slain by an orc wizard

Illustrated notes

Levels and vault maps discovered:
D:1:      ncdulo_smallfort, layout_basic, serial_shops, nicolae_shop_statue_plus
D:2:      layout_loops_cross, uniq_robin
D:3:      layout_rooms, mainiacjoe_overflow_small_starburst,
          lemuel_doored_altar, minmay_hedge_maze, chequers_serial_rivers_small_a
D:4:      layout_cave_pools, yredelemnul_altar_generic,
          amethyst_overflow_temple_binary, serial_shops,
          nicolae_shop_hallway_plus, columned_hall_lemuel
D:5:      layout_rooms, minmay_temple_entry_proselytizer, nicolae_stop_n_shop_1

Skill      XL: |  1  2  3  4  5  6 |
---------------+-------------------+-----
Throwing       | 2 |  2.0
Dodging        | 3 |  3.0
Axes           | 3 4 |  4.8
Armour         | 1 2 3 |  3.5
Fighting       | 3 4 |  4.8

Action                     |  1- 3 |  4- 6 |  7- 9 || total
---------------------------+-------+-------+-------++-------
  Melee: War axe           |    79 |   108 |    11 ||   198
         Kick              |     9 |    22 |     1 ||    32
         Punch             |     1 |       |       ||     1
  Throw: Throwing net      |       |       |     2 ||     2
    Use: Potion            |       |     2 |     4 ||     6
 Armour: Leather armour    |    52 |     4 |       ||    56
         Chain mail        |       |   114 |    59 ||   173
  Dodge: Dodged            |    50 |    47 |     9 ||   106

Table legend: (Time is in decaauts)
 A = Elapsed time spent in this place.
 B = Non-inter-level travel time spent in this place.
 C = Inter-level travel time spent in this place.
 D = Time resting spent in this place.
 E = Time spent auto-exploring this place.
 F = Levels seen in this place.
 G = Mean time per level.
                   A        B        C        D        E       F      G
               +--------+--------+--------+--------+--------+-----+--------+
         Total |   3523 |   3403 |    120 |    391 |   2392 |   5 |  704.6 |
       Dungeon |   3523 |   3403 |    120 |    391 |   2392 |   5 |  704.6 |
               +--------+--------+--------+--------+--------+-----+--------+

Top non-repeatable levels by time:
     D:1: 1183 daAuts
     D:4: 770 daAuts
     D:2: 744 daAuts
     D:3: 591 daAuts
     D:5: 234 daAuts
